 Dungeon Crawl Stone Soup version 0.30-a0-160-gcfceee88d3 (webtiles) character file.

Game seed: 10257302842672040590

171 qw the Chopper (level 5, -2/32 HPs)
             Began as a Gargoyle Fighter on Sept 27, 2022.
             Slain by an orc priest
             ... wielding a +0 flail
              (3 damage)
             ... on level 4 of the Dungeon.
             The game lasted 00:00:59 (2378 turns).

qw the Chopper (Gargoyle Fighter)                   Turns: 2378, Time: 00:00:59

Health: -2/32      AC: 10    Str: 22    XL:     5   Next: 51%
Magic:  5/5        EV:  9    Int:  8    God:
Gold:   160        SH:  5    Dex: 15    Spells: 4/4 levels left

rFire   . . .      SeeInvis .    Y - +0 war axe (venom)
rCold   . . .      Faith    .    c - +0 buckler
rNeg    + . .      Spirit   .    b - +0 scale mail
rPois   inf        Reflect  .    (no helmet)
rElec   +          Harm     .    (no cloak)
rCorr   .          Rampage  .    (no gloves)
Will    .....                    (no boots)
Stlth   ..........               (no amulet)
HPRegen 0.10/turn                o - +6 ring of dexterity
MPRegen 0.09/turn                (no ring)

@: no status effects
A: sickness immunity, AC +4, negative energy resistance 1, electricity
resistance, torment resistance 1, petrification resistance
a: no special abilities


You were on level 4 of the Dungeon.
You visited 1 branch of the dungeon, and saw 4 of its levels.

You collected 160 gold pieces.


Innate Abilities, Weirdness & Mutations

You are immune to sickness and miasma.
Your stone body is resilient. (AC +4)
You are immune to poison.
You resist negative energy. (rN+)
You are resistant to electric shocks. (rElec)
You are resistant to unholy torment.
You are immune to petrification.


   Skills:
 - Level 3.2 Fighting
 + Level 4.8 Axes
 - Level 3.2 Armour
 - Level 1.0 Dodging
 - Level 3.2 Shields


You had 4 spell levels left.
You didn't know any spells.
Your spell library was empty.

Inventory:

Hand Weapons
 a - a +1 war axe
 g - a +0 mace
 Y - a +0 war axe of venom (weapon)
Armour
 b - a +0 scale mail (worn)
 c - a +0 buckler (worn)
Jewellery
 e - a ring of ice
 o - a +6 ring of dexterity (left hand)
Scrolls
 f - a scroll of identify
Potions
 d - 2 potions of might
 h - a potion of mutation
 i - a potion of flight {unknown}
 j - a potion of attraction
 k - a potion of brilliance {unknown}
 l - a potion of heal wounds {unknown}
 m - a potion of curing
 n - a potion of lignification {unknown}
 p - a potion of cancellation {unknown}

Dungeon Overview and Level Annotations

Branches:
Dungeon (4/15)
 Temple: D:4-7

Altars:
Kikubaaqudgha
Uskayaw


Message History

You block the gnoll's attack.
You hit the gnoll.
The gnoll is poisoned.
The gnoll is almost dead.
Your surroundings suddenly seem different.
Found a pink potion.
You feel a bit more experienced.
You start resting.
An orc wizard comes into view. It is wielding a +0 dagger.
2365 ||| Stepping ~*~*~tactically~*~*~ (stealth).
You start resting.
An orc wizard is nearby!
The orc wizard gestures at you while chanting.
The magic dart hits you.
2368 ||| Stepping ~*~*~tactically~*~*~ (hiding).
You closely miss the orc wizard.
The orc wizard points at you and mumbles some strange words.
The puff of flame hits you.
You slash the orc wizard!
The orc wizard is poisoned.
The orc wizard is almost dead.
The orc wizard hits you but does no damage.
You slash the orc wizard!
You kill the orc wizard!
An orc priest comes into view. It is wielding a +0 flail.
An orc comes into view. It is wielding a +0 club.
2373 ||| Stepping ~*~*~tactically~*~*~ (stealth).
The orc shouts!
The orc priest shouts!
The orc priest closely misses you.
You completely miss the orc priest.
The orc priest hits you with a +0 flail.
You barely miss the orc priest. You barely miss the orc.
The orc priest invokes the aid of Beogh against you.
You barely resist. The orc hits you but does no damage.
You closely miss the orc priest. You slash the orc!
You kill the orc!
The orc priest misses you.
An orc comes into view. It is wielding a +0 mace.
You block the orc priest's attack.
You hit the orc priest.
The orc priest is poisoned.
The orc priest is moderately wounded.
The orc priest hits you with a +0 flail.
You die... o

#. #.# ###
##..##.##
#...o@..#
#..!)...#
.o........#
.##.......#
#.......#
##..##+##
###


You could see an orc priest (very poisoned) and an orc.

Vanquished Creatures
  An orc wizard (D:4)
  5 adders
  4 gnolls (D:4)
  2 worms (D:2)
  A dart slug (D:1)
  3 orcs
  5 endoplasms
  3 giant cockroaches
  4 goblins
  3 hobgoblins
  10 jackals
  A quokka (D:1)
  A ball python (D:4)
  A bat (D:2)
  4 frilled lizards
  5 kobolds
  2 rats
55 creatures vanquished.

Vanquished Creatures (others)
  9 plants (D:3)
9 creatures vanquished.

Grand Total: 64 creatures vanquished

Notes
Turn   | Place    | Note
-------+----------+-------------------------------------------
     0 | D:1      | qw the Gargoyle Fighter began the quest for the Orb.
     0 | D:1      | Reached XP level 1. HP: 14/14 MP: 1/1
     0 | D:1      | 0 ||| qw: Version: 0.2-a-10-g37ed214
     0 | D:1      | 0 ||| qw: Game counter: 585
     0 | D:1      | 0 ||| qw: Always use a shield: true
     0 | D:1      | 0 ||| qw: God list: Okawaru
     0 | D:1      | 0 ||| qw: Allow faded altars: false
     0 | D:1      | 0 ||| qw: Do Orc after D:15 true
     0 | D:1      | 0 ||| qw: Do second Lair branch before Depths: true
     0 | D:1      | 0 ||| qw: Lair rune preference: random
     0 | D:1      | 0 ||| qw: Plans: Normal, Zot:1-4, God:TSO, Crypt, Tomb,
                  | Pan, Slime:5, Hells, Abyss, Orb
     0 | D:1      | 0 ||| PLANNING D:1-11
     5 | D:1      | Noticed an electric eel
    24 | D:1      | Reached skill level 2 in Axes
   103 | D:1      | 103 ||| DROPPING +0 club.
   115 | D:1      | 115 ||| Stepping ~*~*~tactically~*~*~ (hiding).
   122 | D:1      | Reached XP level 2. HP: 16/19 MP: 2/2
   464 | D:1      | Reached skill level 3 in Axes
   502 | D:1      | Reached XP level 3. HP: 23/23 MP: 3/3
   736 | D:1      | 736 ||| READING scroll labelled FODU VAMEAPTUU.
   737 | D:1      | 737 ||| READING scroll labelled KUMOUCVOYLA.
   738 | D:1      | 738 ||| READING scroll labelled XEH ERCHYAWYAX.
   739 | D:1      | 739 ||| READING scroll labelled FUM DUNGAEKK.
   744 | D:1      | 744 ||| READING scroll labelled ZAMIGUEJOUG.
  1283 | D:2      | 1283 ||| READING scroll labelled OFOAFU IZOE.
  1284 | D:2      | 1284 ||| READING scroll labelled AGEM HIRUCITU.
  1285 | D:2      | 1285 ||| DRINKING 2 fuming yellow potions.
  1286 | D:2      | 1286 ||| READING 2 scrolls of identify.
  1286 | D:2      | 1286 ||| IDENTIFYING bubbling black potion
  1435 | D:3      | Reached XP level 4. HP: 19/28 MP: 4/4
  1570 | D:3      | Found the +8 trident of the Octopus King {venom, rElec
                  | rPois}
  1615 | D:3      | 1615 ||| Stepping ~*~*~tactically~*~*~ (stealth).
  1637 | D:3      | 1637 ||| Stepping ~*~*~tactically~*~*~ (stealth).
  1641 | D:3      | 1641 ||| Stepping ~*~*~tactically~*~*~ (stealth).
  1642 | D:3      | 1642 ||| Stepping ~*~*~tactically~*~*~ (stealth).
  1643 | D:3      | 1643 ||| Stepping ~*~*~tactically~*~*~ (stealth).
  1644 | D:3      | 1644 ||| Stepping ~*~*~tactically~*~*~ (stealth).
  1645 | D:3      | 1645 ||| Stepping ~*~*~tactically~*~*~ (stealth).
  1646 | D:3      | 1646 ||| Stepping ~*~*~tactically~*~*~ (stealth).
  1666 | D:3      | Found an ancient bone altar of Kikubaaqudgha.
  1767 | D:3      | Reached skill level 4 in Axes
  1927 | D:3      | 1927 ||| SWAPPING to +0 war axe of venom.
  1930 | D:3      | 1930 ||| UPGRADING to +6 ring of dexterity.
  1931 | D:3      | 1931 ||| READING scroll labelled MEPHIL TERUAMA.
  1983 | D:3      | 1983 ||| READING scroll labelled ZEUNGIRHUIHE.
  1984 | D:3      | 1984 ||| READING 3 scrolls of identify.
  1984 | D:3      | 1984 ||| IDENTIFYING glowing white potion
  1985 | D:3      | 1985 ||| READING 2 scrolls of identify.
  1985 | D:3      | 1985 ||| IDENTIFYING white potion
  1986 | D:3      | 1986 ||| DROPPING potion of ambrosia.
  2043 | D:4      | Found a hide-covered altar of Uskayaw.
  2077 | D:4      | 2077 ||| Stepping ~*~*~tactically~*~*~ (stealth).
  2078 | D:4      | 2078 ||| Stepping ~*~*~tactically~*~*~ (stealth).
  2122 | D:4      | 2122 ||| Stepping ~*~*~tactically~*~*~ (stealth).
  2129 | D:4      | Reached skill level 1 in Dodging
  2146 | D:4      | 2146 ||| Stepping ~*~*~tactically~*~*~ (stealth).
  2147 | D:4      | 2147 ||| Stepping ~*~*~tactically~*~*~ (stealth).
  2291 | D:4      | 2291 ||| Stepping ~*~*~tactically~*~*~ (hiding).
  2292 | D:4      | 2292 ||| Stepping ~*~*~tactically~*~*~ (hiding).
  2298 | D:4      | 2298 ||| Stepping ~*~*~tactically~*~*~ (stealth).
  2300 | D:4      | Reached XP level 5. HP: 32/32 MP: 5/5
  2305 | D:4      | HP: 6/32 [gnoll/+0 spear (4)]
  2306 | D:4      | 2306 ||| READING scroll of teleportation.
  2365 | D:4      | 2365 ||| Stepping ~*~*~tactically~*~*~ (stealth).
  2367 | D:4      | HP: 5/32 [orc wizard/magic dart (4)]
  2368 | D:4      | 2368 ||| Stepping ~*~*~tactically~*~*~ (hiding).
  2370 | D:4      | HP: 1/32 [orc wizard/puff of flame (4)]
  2373 | D:4      | 2373 ||| Stepping ~*~*~tactically~*~*~ (stealth).
  2375 | D:4      | HP: 1/32 [orc priest/+0 flail (1)]
  2378 | D:4      | Slain by an orc priest

Levels and vault maps discovered:
D:1:      arrival_aquarium_a, layout_loops_ring,
          nicolae_concentric_dashed_squares_wild, st_stairs_3
D:2:      layout_rooms, st_stairs_10
D:3:      layout_rooms, mainiacjoe_overflow_alcove_2, serial_bayou_lagoon_b
D:4:      layout_gridville, mainiacjoe_overflow_alcove_4, minmay_pentangle

Skill      XL: |  1  2  3  4 |
---------------+-------------+-----
Axes           | 2 3 4 |  4.8
Dodging        | 1 |  1.0
Fighting       | |  3.2
Armour         | |  3.2
Shields        | |  3.2

Action                   |  1- 3 |  4- 6 || total
-------------------------+-------+-------++-------
Melee: War axe           |    91 |    80 ||   171
  Use: Scroll            |     8 |     5 ||    13
       Potion            |     1 |       ||     1
Armor: Scale mail        |    41 |    38 ||    79
Dodge: Dodged            |    47 |    35 ||    82
Block: Buckler           |    10 |    20 ||    30

Table legend:
 A = Non-vault XP
 B = Vault XP
 C = Vault XP percentage of total XP
 D = Non-vault monster count
 E = Vault monster count
 F = Vault count percentage of total count
                 A         B        C        D         E       F
            +---------+---------+-------+---------+---------+-------
      Total |     239 |       6 |   2.4 |      51 |       4 |   7.3
            +---------+---------+-------+---------+---------+-------
        D:1 |      32 |       3 |   8.6 |      17 |       2 |  10.5
        D:2 |      20 |       3 |  13.0 |       9 |       2 |  18.2
        D:3 |      55 |       0 |   0.0 |      15 |       0 |   0.0
        D:4 |     132 |       0 |   0.0 |      10 |       0 |   0.0
            +---------+---------+-------+---------+---------+-------
